 Dungeon Crawl Stone Soup version 0.30.0-20-g3b4254fcbd (webtiles) character file.

Game seed: 1951884839480521645

9 MacCMillion the Gusty (level 2, -3/15 HPs)
             Began as a Tengu Air Elementalist on June 2, 2023.
             Succumbed to a goblin's poison
             ... on level 1 of the Dungeon.
             The game lasted 00:01:20 (334 turns).

MacCMillion the Gusty (Tengu Air Elementalist)       Turns: 334, Time: 00:01:21

Health: -3/15      AC:  2    Str:  8    XL:     2   Next: 12%
Magic:  3/6        EV: 12    Int: 15    God:
Gold:   20         SH:  0    Dex: 14    Spells: 4/5 levels left

rFire   . . .        (no weapon)
rCold   . . .        (no shield)
rNeg    . . .        a - +0 robe
rPois   .            (helmet restricted)
rElec   .            (no cloak)
rCorr   .            (no gloves)
SInv    .            (boots unavailable)
Will    .....        (no amulet)
Stlth   ++           (no ring)
HPRegen 0.22/turn    (no ring)
MPRegen 0.10/turn

%: no passive effects
@: lethally poisoned (-3 -> -20)
A: beak, talons 3
a: no special abilities


You were on level 1 of the Dungeon.
You visited 1 branch of the dungeon, and saw 1 of its levels.

You collected 20 gold pieces.

Inventory:

Armour
 a - a +0 robe (worn)
Potions
 b - a potion of magic


   Skills:
 - Level 2.1 Dodging
 - Level 2.0 Stealth
 + Level 2.2 Spellcasting
 + Level 2.0 Conjurations
 + Level 4.3 Air Magic


You had 4 spell levels left.
You knew the following spells:

 Your Spells              Type           Power      Damage    Failure   Level
a - Shock                 Conj/Air       44%        1d5       6%          1

Your spell library contained the following spells:

 Spells                   Type           Power      Damage    Failure   Level
 Static Discharge         Conj/Air       22%        2-3/arc   9%          2
 Swiftness                Air            14%        N/A       11%         3
 Apportation              Tloc           2%         N/A       22%         1
 Airstrike                Air            7%         2d(1-17)  36%         4
 Alistair's Intoxication  Tmut/Pois      0%         N/A       99%         5


Dungeon Overview and Level Annotations

Branches:
Dungeon (1/15)

Altars:


Innate Abilities, Weirdness & Mutations

You have a beak for a mouth.
You have claws for feet.


Message History

Nothing appears to happen.
The zap hits the endoplasm.
You kill the endoplasm!
You have reached level 2!
You start resting.
Your magical contamination has completely faded away.
Magic restored.
You now have 20 gold pieces (gained 15).
You open the door.
Found a club.
A goblin comes into view. It is wielding a +2 dagger of venom.
The zap hits the goblin.
The goblin is moderately wounded.
The goblin shouts!
The goblin hits you with a +2 dagger of venom.
You are poisoned.
The zap misses the goblin.
You feel very sick.
The goblin hits you with a +2 dagger of venom.
You are more poisoned.
You are too injured to fight recklessly!
Unknown command.
Okay, then.
Aiming: Shock (safe; 6% risk of failure)
Press: ? - help, Q - select action Shift-Dir - straight line, f/p - goblin
Aim: a goblin, wielding a +2 dagger of venom (moderately wounded, 60% to hit)
The zap hits the goblin.
You kill the goblin!
* * * LOW HITPOINT WARNING * * *
You feel very sick.
Your Conjurations skill increases to level 2!
There is a lethal amount of poison in your body!
Unknown command.
You aren't carrying any scrolls.
Unknown command.
Okay, then.
You aren't carrying any scrolls.
There is a lethal amount of poison in your body!
Unknown command.
You die...

....#### .......# #
(......# .#
.......#### #######.#
.......'..# .......#
.......#..# ......#
.......#..# #.....#
.#+#...#..# #)....#
...#......# #@....#
.###...##.######.....#
.....................#
#####.###..........###
#.# #..........# ##
#.###..........# ...
#...'..........#
...######..........#
...#.. #.##########


There were no monsters in sight!

Vanquished Creatures
  A ball python (D:1)
  2 endoplasms (D:1)
  A hobgoblin (D:1)
  A quokka (D:1)
  2 goblins (D:1)
7 creatures vanquished.

Notes
Turn   | Place    | Note
-------+----------+-------------------------------------------
     0 | D:1      | MacCMillion the Tengu Air Elementalist began the quest for
                  | the Orb.
     0 | D:1      | Reached XP level 1. HP: 10/10 MP: 4/4
   251 | D:1      | Reached XP level 2. HP: 15/15 MP: 1/6
   334 | D:1      | Succumbed to a goblin's poison

Illustrated notes

Levels and vault maps discovered:
D:1:      saegor_arrival_simple_a, layout_basic, minmay_misc_feat_ornament,
          minmay_close_crescents

Skill      XL: |  1  2 |
---------------+-------+-----
Conjurations   | 2 |  2.0
Dodging        | |  2.1
Stealth        | |  2.0
Spellcasting   | |  2.2
Air Magic      | |  4.3

Action                     || total
---------------------------++-------
  Melee: Unarmed           ||     5
         Peck              ||     1
   Cast: Shock             ||    17
  Dodge: Dodged            ||     5
